 Dungeon Crawl Stone Soup version 0.31.0-32-g396128a36d (webtiles) character file.

Game seed: 2728675776165217513

231 H0rd4k the Insei (level 6, -1/39 HPs)
             Began as an Octopode Artificer on Mar 15, 2024.
             Slain by Ijyb
             ... wielding a +0 dagger
              (3 damage)
             ... on level 3 of the Dungeon.
             The game lasted 00:01:50 (2355 turns).

H0rd4k the Insei (Octopode Artificer)               Turns: 2355, Time: 00:01:50

Health: -1/39      AC:  1    Str: 11    XL:     6   Next: 3%
Magic:  6/6        EV: 13    Int: 16    God:
Gold:   133        SH:  0    Dex: 12    Spells: 5/5 levels left

rFire   . .          .
                       - Unarmed
rCold   . . .        (no shield)
rNeg    . . .        (helmet restricted)
rPois   .            (no amulet)
rElec   .            (no ring)
rCorr   .            (no ring)
SInv    .            (no ring)
Will    .....        (no ring)
Stlth   +++          (no ring)
HPRegen 0.26/turn    (no ring)
MPRegen 0.10/turn    (no ring)
                     (no ring)

%: no passive effects
@: no status effects
A: almost no armour, amphibious, 8 rings, camouflage 1, gelatinous body 1,
(nimble swimmer 1), tentacles
a: no special abilities


You were on level 3 of the Dungeon.
You visited 1 branch of the dungeon, and saw 3 of its levels.

You collected 133 gold pieces.

Inventory:

Wands
 b - a wand of flame (15) (quivered)
 c - a wand of charming (11)
 d - a wand of iceblast (5)
Scrolls
 e - 2 scrolls of identify {unknown}
 h - a scroll of enchant weapon {unknown}
 j - 2 scrolls of fear {unknown}
 k - a scroll of vulnerability {unknown}
 m - a scroll of teleportation {unknown}
Potions
 a - 2 potions of heal wounds {unknown}
 f - 2 potions of berserk rage {unknown}
 g - a potion of magic {unknown}
 i - a potion of might {unknown}
 l - 3 potions of attraction {unknown}


   Skills:
 + Level 2.3 Fighting
 - Level 2.3 Dodging
 - Level 1.3 Stealth
 + Level 5.1 Unarmed Combat
 - Level 3.2 Evocations


You had 5 spell levels left.
You didn't know any spells.
Your spell library contained the following spells:

 Spells                   Type           Power      Damage    Failure   Level
 Inner Flame              Hex/Fire       0%         N/A       58%         3
 Flame Wave               Conj/Fire      0%         2d4       94%         4
 Sticky Flame             Fire/Alch      0%         2d4       94%         4


Dungeon Overview and Level Annotations

Branches:
Dungeon (3/15)

Altars:

Annotations:
D:1 exclusion: downstairs
D:3 Ijyb


Innate Abilities, Weirdness & Mutations

You cannot wear most types of armour.
You are amphibious.
You can wear up to eight rings at the same time.
Your skin changes colour to match your surroundings (Stealth+).
Your rubbery body absorbs attacks. (AC +1, EV +1)
((You are camouflaged when in or above water. (Stealth+)))
You have tentacles for arms and can constrict up to eight enemies at once.


Message History

You feel sick.
You are no longer poisoned.
You open the door.
There is an open door here.
Ijyb the Twisted Goblin comes into view.
She is wielding a +0 dagger and carrying a wand of light.
You see here 2 inky potions.
Ijyb is nearby!
Ijyb is nearby!
Found 2 stones.
Ijyb is nearby!
Ijyb is nearby!
The helpless Ijyb fails to defend herself.
You tentacle-slap Ijyb. Your grab misses Ijyb.
Ijyb is moderately wounded.
Ijyb hits you with a +0 dagger.
You tentacle-slap Ijyb. You grab Ijyb. You squeeze Ijyb.
Ijyb is moderately wounded.
You constrict Ijyb, but do no damage.
Ijyb zaps a wand.
The bolt of light hits you!!
You are confused.
You release your grip on Ijyb.
Ijyb misses you.
You bump into the rock wall.
You feel less confused. Ijyb hits you with a +0 dagger.
You bludgeon Ijyb! Your grab misses Ijyb.
Ijyb is severely wounded.
Ijyb zaps a wand.
The bolt of light hits you!
You are confused.
* * * LOW HITPOINT WARNING * * *
You are too confused!
Unknown command.
You bump into the rock wall.
You feel less confused. Ijyb hits you with a +0 dagger.
* * * LOW HITPOINT WARNING * * *
Aiming: Charm
Press: ? - help, Shift-Dir - straight line, f - Ijyb
Aim: Ijyb, wielding a +0 dagger, wearing a +0 leather armour and carrying a wand of light (severely wounded, chance to affect: 66%) Ijyb struggles to resist.
Ijyb hits you with a +0 dagger.
You die...

...........#.....###.
.###...!...+ ...
######....#
#...(#....# #
#.......#
#.#.....##...#
#.......# .#.#
#.####.##.# # .
#......g@.#
######.#### #.# ..#
####


You could see Ijyb.

Vanquished Creatures
  Sigmund (D:2)
  2 adders (D:3)
  4 ball pythons
  2 endoplasms
  3 giant cockroaches (D:1)
  12 goblins
  2 hobgoblins
  4 jackals (D:1)
  A quokka (D:3)
  3 bats
  A frilled lizard (D:1)
  A kobold (D:1)
  2 rats (D:1)
38 creatures vanquished.

Vanquished Creatures (collateral kills)
  2 goblins (D:2)
  A hobgoblin (D:2)
3 creatures vanquished.

Vanquished Creatures (others)
  Robin (D:2)
  A goblin (D:2)
2 creatures vanquished.

Grand Total: 43 creatures vanquished

Notes
Turn   | Place    | Note
-------+----------+-------------------------------------------
     0 | D:1      | H0rd4k the Octopode Artificer began the quest for the Orb.
     0 | D:1      | Reached XP level 1. HP: 13/13 MP: 1/1
   184 | D:1      | Reached skill level 1 in Unarmed Combat
   189 | D:1      | Reached XP level 2. HP: 18/18 MP: 2/2
   533 | D:1      | Reached skill level 2 in Unarmed Combat
   639 | D:1      | Reached XP level 3. HP: 23/23 MP: 3/3
   959 | D:2      | Noticed Robin
  1169 | D:2      | Noticed Sigmund
  1179 | D:2      | Killed Sigmund
  1180 | D:2      | Reached skill level 4 in Unarmed Combat
  1180 | D:2      | Reached XP level 4. HP: 9/29 MP: 4/4
  1180 | D:2      | Reached XP level 5. HP: 10/34 MP: 5/5
  1401 | D:2      | Found a faded altar of an unknown god.
  1642 | D:2      | Your ally Robin died
  2217 | D:3      | Reached skill level 5 in Unarmed Combat
  2227 | D:3      | Reached XP level 6. HP: 19/39 MP: 6/6
  2341 | D:3      | Noticed Ijyb
  2354 | D:3      | HP: 1/39 [Ijyb/+0 dagger (3)]
  2355 | D:3      | Slain by Ijyb

Illustrated notes

Levels and vault maps discovered:
D:1:      lemuel_arrival_lava_pool, layout_basic
D:2:      layout_loops_corners, hellmonk_ecumenical_altar_pennies_from_heaven,
          uniq_robin, uniq_sigmund
D:3:      layout_basic, nicolae_overflow_ecumenical_swirl,
          nicolae_overflow_crystal_walls, st_stairs_3, chequers_garden,
          uniq_ijyb

Skill      XL: |  1  2  3  4  5 |
---------------+----------------+-----
Unarmed Combat | 1 2 4 5 |  5.1
Fighting       | 2 |  2.3
Dodging        | |  2.3
Stealth        | |  1.3
Evocations     | |  3.2

Action                     |  1- 3 |  4- 6 || total
---------------------------+-------+-------++-------
  Melee: Unarmed           |    70 |    27 ||    97
         Constrict         |    17 |     7 ||    24
         Tentacles         |    15 |     7 ||    22
         Punch             |       |     2 ||     2
  Evoke: Wand              |     1 |     3 ||     4
   Stab: Sleeping          |    10 |     3 ||    13
 Armour: Skin              |    32 |    18 ||    50
  Dodge: Dodged            |    43 |    21 ||    64
